AoeStats
← Jan Itor

Arena

509752551Analyzed
4v4 RM · 4d ago on Sep 27, 2026· 41m 56s· 8 players
Game mode
Random Map
Map size
Large (8 player)
Population
200
Speed
Normal
Resources
Standard
Victory
Conquest
Starting age
Dark Age
Ending age
Imperial Age
RankedLock teamsTeams togetherTeam positionsShared explorationLock speedFull tech treeHidden civsTurbo modeCheats
Victory
Defeat
🇹🇷 Malay · Türkiye
1878
+10
🇩🇪 Khmer · Germany
1813
+13
🇹🇷 Goths · Türkiye
1753
+15
🇹🇷 Slavs · Türkiye
1725
+16
🇨🇦 Portuguese · Canada
1770
-15
🇺🇸 Wei · United States
1761
-14
🇧🇷 Ethiopians · Brazil
1722
-13
🇨🇦 Poles · Canada
1688
-12
Honda
10:22 Feudal Age
14:22 Castle Age
12:30 Double-Bit Axe
12:56 Horse Collar
21:02 Wheelbarrow
22:05 Heavy Plow
26:40 Imperial Age
24:27 Scale Barding Armor
24:33 Forging
24:19 Gold Mining
26:04 Husbandry
26:10 Elite Battle Elephant
27:55 Iron Casting
31:35 Blast Furnace
33:30 Bow Saw
36:24 Conscription
37:48 Gold Shaft Mining
39:20 Hand Cart
39:35 Loom
39:36 Town Watch
42:31 Town Patrol
Patoshiq
10:31 Feudal Age
14:31 Castle Age
12:23 Horse Collar
12:55 Double-Bit Axe
15:50 Bow Saw
15:42 Heavy Plow
17:29 Wheelbarrow
18:51 Loom
22:40 Gold Mining
23:19 Stone Mining
23:57 Hand Cart
25:58 Scale Mail Armor
26:08 Forging
28:39 Imperial Age
26:40 Forging
26:45 Anarchy
27:03 Squires
26:39 Pikeman
28:59 Chain Mail Armor
30:10 Conscription
30:32 Iron Casting
31:44 Scale Barding Armor
32:42 Chemistry
32:44 Padded Archer Armor
33:45 Blast Furnace
35:22 Leather Archer Armor
37:01 Ring Archer Armor
37:45 Masonry
37:57 Ballistics
37:29 Halberdier
41:40 Perfusion
lalalalala
10:09 Feudal Age
13:42 Castle Age
12:00 Double-Bit Axe
12:23 Horse Collar
14:43 Bow Saw
17:20 Wheelbarrow
16:36 Loom
19:44 Hand Cart
22:16 Sanctity
22:09 Redemption
24:02 Sanctity
26:33 Imperial Age
24:15 Stone Mining
28:56 Two-Man Saw
28:07 Heavy Plow
29:30 Gold Mining
31:10 Hoardings
31:26 Masonry
33:21 Scale Mail Armor
33:32 Forging
36:07 Chain Mail Armor
35:21 Elite Boyar
36:22 Conscription
36:32 Chain Mail Armor
36:20 Druzhina
37:04 Crop Rotation
36:27 Man-at-Arms
37:08 Squires
38:19 Plate Mail Armor
37:11 Long Swordsman
37:16 Capped Ram
38:28 Two-Handed Swordsman
40:04 Iron Casting
39:52 Fletching
39:28 Champion
40:14 Elite Boyar
41:12 Siege Ram
Jan Itor
11:07 Feudal Age
14:01 Castle Age
11:45 Horse Collar
11:51 Double-Bit Axe
14:57 Bow Saw
14:51 Heavy Plow
14:30 Light Cavalry
18:32 Wheelbarrow
23:15 Hand Cart
25:25 Loom
28:26 Imperial Age
26:24 Scale Barding Armor
26:29 Forging
26:20 Husbandry
27:19 Masonry
27:58 Iron Casting
28:07 Chain Barding Armor
27:44 Gold Mining
28:22 Bloodlines
28:36 Hussar
30:16 Plate Barding Armor
30:09 Conscription
31:15 Blast Furnace
32:46 Double Crossbow
32:37 Heavy Scorpion
34:27 Siege Engineers
35:12 Ballistics
36:23 Coinage
38:21 Chemistry
38:28 Banking
38:42 Capped Ram
Dapper Don
11:14 Feudal Age
11:56 Double-Bit Axe
14:53 Castle Age
12:38 Horse Collar
14:45 Gold Mining
16:20 Bow Saw
16:56 Heavy Plow
22:20 Wheelbarrow
23:45 Hand Cart
28:12 Imperial Age
25:47 Stone Mining
26:07 Loom
26:08 Town Watch
26:59 Gold Shaft Mining
27:50 Bloodlines
27:01 Light Cavalry
27:41 Husbandry
27:48 Scale Barding Armor
27:53 Forging
29:01 Chain Barding Armor
30:51 Chemistry
29:39 Heavy Scorpion
30:37 Murder Holes
32:03 Coinage
31:25 Treadmill Crane
31:57 Hussar
33:59 Pikeman
34:40 Squires
36:43 Halberdier
37:59 Arson
38:15 Scale Mail Armor
38:50 Iron Casting
40:16 Capped Ram
Fs.BlinkAoE
10:24 Feudal Age
11:24 Loom
14:23 Castle Age
19:29 Horse Collar
23:35 Wheelbarrow
23:28 Fletching
24:14 Double-Bit Axe
25:50 Bow Saw
26:26 Gold Mining
30:38 Imperial Age
28:35 Scale Mail Armor
28:03 Man-at-Arms
29:27 Chain Mail Armor
28:37 Long Swordsman
29:36 Pikeman
32:13 Plate Mail Armor
32:12 Capped Ram
32:29 Halberdier
33:26 Two-Handed Swordsman
35:00 Forging
37:32 Iron Casting
41:32 Blast Furnace
42:03 Guard Tower
42:10 Bodkin Arrow
WonderHD11
11:07 Feudal Age
14:52 Castle Age
12:58 Double-Bit Axe
12:58 Horse Collar
15:34 Heavy Plow
20:23 Wheelbarrow
22:08 Bow Saw
23:44 Loom
27:44 Imperial Age
26:29 Hand Cart
26:17 Gold Mining
26:44 Scale Mail Armor
26:48 Stone Mining
28:08 Squires
27:54 Arson
27:55 Elite Obuch
28:51 Chain Mail Armor
30:43 Plate Mail Armor
30:59 Ballistics
30:51 Forging
31:18 Pikeman
34:14 Iron Casting
36:03 Blast Furnace
35:33 Conscription
41:18 Scale Barding Armor
Fs.Nx Imperial
10:47 Feudal Age
12:06 Double-Bit Axe
14:31 Castle Age
12:37 Horse Collar
15:36 Bow Saw
20:33 Wheelbarrow
20:01 Heavy Plow
28:27 Imperial Age
26:37 Fletching
28:11 Ballistics
28:30 Gold Mining
28:47 Bodkin Arrow
30:20 Chemistry
29:06 Crossbowman
29:56 Thumb Ring
29:53 Bracer
30:02 Arbalester
34:58 Scale Mail Armor
35:08 Forging
35:52 Squires
36:08 Chain Mail Armor
Connection lost

Rejoining the realm…

Still unreachable

The connection could not be restored.

Session expired

The server has moved on; the page needs a fresh start.